 Dungeon Crawl Stone Soup version 0.27.1-16-g815e20cd7a (webtiles) character file.

Game seed: 17612623556224327593

116 pkoi the Insei (level 4, 0/38 HPs)
             Began as a Draconian Monk on Nov 22, 2021.
             Was a Believer of Okawaru.
             Slain by an ogre (19 damage)
             ... on level 3 of the Dungeon.
             The game lasted 00:03:27 (2910 turns).

pkoi the Insei (Draconian Monk)                     Turns: 2910, Time: 00:03:27

Health: 0/38       AC:  5    Str: 14    XL:     4   Next: 69%
Magic:  4/4        EV: 12    Int: 10    God:    Okawaru [**....]
Gold:   122        SH:  0    Dex: 14    Spells: 3/3 levels left

rFire    . . .     SeeInvis .     - Unarmed
rCold    . . .     Faith    .   (no shield)
rNeg     . . .     Spirit   .   (armour unavailable)
rPois    .         Reflect  .   (helmet restricted)
rElec    .         Harm     .   (no cloak)
rCorr    .         Rampage  .   (no gloves)
Will     .....                  (no boots)
Stlth    ++........             (no amulet)
HPRegen  0.12/turn              (no ring)
MPRegen  0.09/turn              (no ring)

@: no status effects
A: AC +5, unfitting armour, cold-blooded
a: Renounce Religion, Heroism


You were on level 3 of the Dungeon.
You worshipped Okawaru.
Okawaru was pleased with you.
You visited 1 branch of the dungeon, and saw 4 of its levels.

You collected 122 gold pieces.

Inventory:

Missiles
 a - 5 poisoned darts (quivered)
 j - 5 javelins
Jewellery
 b - an amulet of faith
Wands
 e - a wand of polymorph (8)
Scrolls
 f - 3 scrolls of identify
 h - a scroll of acquirement {unknown}
 k - a scroll of immolation {unknown}
 l - a scroll of enchant weapon {unknown}
Potions
 c - a potion of flight {unknown}
 d - a potion of might
 g - a potion of resistance {unknown}
 i - a potion of magic {unknown}


   Skills:
 - Level 3.2 Fighting
 - Level 2.6 Dodging
 - Level 1.7 Stealth
 * Level 5.4 Unarmed Combat
 + Level 0.3 Invocations
 + Level 0.2 Evocations


You had 3 spell levels left.
You didn't know any spells.
Your spell library contained the following spells:

 Spells                   Type           Power      Damage    Failure   Level
 Ozocubu's Armour         Ice            0%         N/A       75%         3
 Metabolic Englaciation   Hex/Ice        0%         N/A       100%        5
 Simulacrum               Ice/Necr       0%         N/A       100%        6


Dungeon Overview and Level Annotations

Branches:
Dungeon (4/15)
 Temple: D:4-7

Altars:
Okawaru

Shops:
D:3 [


Innate Abilities, Weirdness & Mutations

Your plain brown scales are hard. (AC +5)
You cannot fit into any form of body armour.
You are cold-blooded and may be slowed by cold attacks.


Message History

Throw: 10 darts (poison)
Press: ? - help, Q - select action, (/) - cycle Shift-Dir - straight line, f/p - ogre
Aim: an ogre, wielding a +0 giant spiked club (heavily wounded, 74% to hit)
You throw a poisoned dart. The poisoned dart hits the ogre.
The ogre is poisoned.
The ogre is heavily wounded.
The ogre closely misses you.
You see here a poisoned dart.
Throw: 9 darts (poison)
Press: ? - help, Q - select action, (/) - cycle Shift-Dir - straight line, f/p - ogre
Aim: an ogre, wielding a +0 giant spiked club (heavily wounded, poisoned, 74% to hit)
You throw a poisoned dart. The poisoned dart hits the ogre.
The ogre is heavily wounded.
The ogre looks more healthy.
Throw: 8 darts (poison)
Press: ? - help, Q - select action, (/) - cycle Shift-Dir - straight line, f/p - ogre
Aim: an ogre, wielding a +0 giant spiked club (heavily wounded, 74% to hit)
You throw a poisoned dart. The poisoned dart hits the ogre.
The ogre is poisoned.
The ogre is heavily wounded.
The ogre barely misses you.
You see here a poisoned dart.
The ogre looks more healthy.
Throw: 7 darts (poison)
Press: ? - help, Q - select action, (/) - cycle Shift-Dir - straight line, f/p - ogre
Aim: an ogre, wielding a +0 giant spiked club (severely wounded, 74% to hit)
You throw a poisoned dart. The poisoned dart hits the ogre.
The ogre is severely wounded.
The ogre hits you with a +0 giant spiked club.
* * * LOW HITPOINT WARNING * * *
Unknown command.
Throw: 6 darts (poison)
Press: ? - help, Q - select action, (/) - cycle Shift-Dir - straight line, f/p - ogre
Aim: an ogre, wielding a +0 giant spiked club (severely wounded, 74% to hit)
You throw a poisoned dart. The poisoned dart hits the ogre.
The ogre is poisoned.
The ogre is severely wounded.
The ogre hits you with a +0 giant spiked club!!
Ouch! That really hurt!
You die...

##...## #.# #.##..#.### ##.....##
###.# #.##..#.# # ##.......##
##.#.# #.##..#.###
#.........####....#####........##
+.........'.<(...................
#.........####...#########.......
##.......## ##..# ####.###
##.....## ##.# #.# # ##..(## #@#
#.### ##'## #O# #.... #####.# #(#
#.#.. ....#(# #.# #....
###.#.##########(# #...#
.......(...(.....# #..##
..#.....########## #...#
.......## #.... ..###.## #....


You could see an ogre (poisoned).

Vanquished Creatures
  Jessica (D:2)
  2 adders (D:2)
  A worm (D:2)
  3 dart slugs
  A ball python (D:1)
  7 endoplasms
  2 giant cockroaches
  6 goblins
  4 hobgoblins
  2 jackals (D:1)
  7 kobolds
  6 quokkas
  6 bats
  5 frilled lizards
  5 rats
58 creatures vanquished.

Notes
Turn   | Place    | Note
-------+----------+-------------------------------------------
     0 | D:1      | pkoi the Draconian Monk began the quest for the Orb.
     0 | D:1      | Reached XP level 1. HP: 19/19 MP: 1/1
   115 | D:1      | Reached XP level 2. HP: 20/26 MP: 2/2
   566 | D:1      | Reached skill level 4 in Unarmed Combat
   639 | D:1      | Found a faded altar of an unknown god.
  1067 | D:2      | Reached XP level 3. HP: 31/31 MP: 3/3
  1614 | D:2      | Noticed Jessica
  1621 | D:2      | Reached XP level 4. HP: 36/38 MP: 4/4
  1624 | D:2      | Killed Jessica
  1625 | D:2      | Reached skill level 5 in Unarmed Combat
  2017 | D:3      | Found an iron altar of Okawaru.
  2057 | D:3      | Became a worshipper of Warmaster Okawaru
  2057 | D:3      | Reached * piety under Okawaru
  2057 | D:3      | Reached ** piety under Okawaru
  2421 | D:3      | Found Linog's Armour Shoppe.
  2816 | D:4      | Noticed an ogre
  2910 | D:3      | Slain by an ogre

Illustrated notes

Levels and vault maps discovered:
D:1:      scummos_arrival_checkerplants, layout_rooms,
          shapermc_ecumenical_altar_mp_vishouse
D:2:      wad_lake_hut, layout_basic, uniq_jessica
D:3:      layout_loops_corners, okawaru_ov_weapons_minmay, serial_shops, shop
D:4:      layout_layer_cave, temple_fountains, nicolae_ossuary_entry_giza,
          uniq_edmund

Skill      XL: |  1  2  3  4 |
---------------+-------------+-----
Unarmed Combat | 4 5 |  5.4
Fighting       | |  3.2
Dodging        | |  2.6
Stealth        | |  1.7
Invocations    | |  0.3
Evocations     | |  0.2

Action                   |  1- 3 |  4- 6 || total
-------------------------+-------+-------++-------
Melee: Unarmed           |   139 |    43 ||   182
       Tailslap          |    17 |     2 ||    19
       Punch             |       |     2 ||     2
Throw: Dart              |    15 |     9 ||    24
  Use: Scroll            |       |     5 ||     5
 Stab: Sleeping          |     5 |     3 ||     8
       Distracted        |       |     1 ||     1
Armor: Skin              |    46 |    11 ||    57
Dodge: Dodged            |    97 |    25 ||   122
